 Dungeon Crawl Stone Soup version 0.26-a0-690-gcb57259078 (webtiles) character file.

Game seed: 18029823085610114868

734 marklar909 the Shield-Bearer (level 8, -3/61 HPs)
             Began as a Formicid Fighter on Oct 24, 2020.
             Killed by nerve-wracking pain
             ... invoked by an orc priest
              (4 damage)
             ... on level 4 of the Dungeon.
             The game lasted 00:04:20 (3248 turns).

marklar909 the Shield-Bearer (Formicid Fighter)     Turns: 3248, Time: 00:04:20

Health: -3/61      AC: 11    Str: 23    XL:     8   Next: 4%
Magic:  8/8        EV:  9    Int:  7    God:
Gold:   253        SH: 10    Dex: 11    Spells: 7/7 levels left

rFire    . . .     SeeInvis +   a - +0 long sword
rCold    + . .     Faith    .   c - +0 kite shield
rNeg     . . .     Spirit   .   b - +0 scale mail
rPois    .         Reflect  .   (helmet unavailable)
rElec    .         Harm     .   (no cloak)
rCorr    .         Rampage  .   (no gloves)
MR       .....                  (no boots)
Stlth    ..........             (no amulet)
HPRegen  0.20/turn              e - ring of protection from cold
MPRegen  0.11/turn              n - +4 ring of protection

@: no status effects
A: permanent stasis, dig shafts and tunnels, four strong arms, antennae 3
a: Dig, Shaft Self


You were on level 4 of the Dungeon.
You visited 1 branch of the dungeon, and saw 4 of its levels.
You also visited: Sewer.

You collected 253 gold pieces.

Inventory:

Hand Weapons
 a - a +0 long sword (weapon)
Missiles
 k - 7 javelins
 x - 20 poisoned darts (quivered)
Armour
 b - a +0 scale mail (worn)
 c - a +0 kite shield (worn)
 l - a cursed +0 ring mail
Jewellery
 e - a ring of protection from cold (left hand)
 n - a +4 ring of protection (right hand)
 A - a cursed amulet of the acrobat {unknown}
Wands
 z - a wand of polymorph (21)
 B - a wand of flame (20)
Scrolls
 h - 3 scrolls of fear {unknown}
 i - 4 scrolls of identify {unknown}
 o - a scroll of amnesia {unknown}
 p - 2 scrolls of teleportation {unknown}
 s - a scroll of noise {unknown}
 t - a scroll of random uselessness {unknown}
 y - a scroll of enchant weapon {unknown}
 C - a scroll of fog {unknown}
Potions
 d - a potion of might
 f - 2 potions of lignification {unknown}
 g - 2 potions of heal wounds {unknown}
 j - 3 potions of degeneration {unknown}
 m - 4 potions of haste {unknown}
 q - a potion of curing {unknown}
 r - 3 potions of brilliance {unknown}
 u - a potion of flight {unknown}
 v - a potion of invisibility {unknown}
 w - a potion of ambrosia {unknown}


   Skills:
 + Level 4.6 Fighting
 + Level 5.3 Long Blades
 + Level 1.2 Throwing
 + Level 4.7 Armour
 + Level 2.1 Dodging
 + Level 0.7 Stealth
 + Level 5.7 Shields


You had 7 spell levels left.
You didn't know any spells.
Your spell library was empty.

Dungeon Overview and Level Annotations

Branches:
Dungeon (4/15)              Sewer (visited)
 Temple: D:4-7

Altars:
Hepliaklqana


Innate Abilities, Weirdness & Mutations

You cannot be hasted, slowed, berserked, paralysed or teleported.
You can dig through walls and to a lower floor.
Your four strong arms can wield two-handed weapons with a shield.
You have a pair of large antennae on your head. (SInv)


Message History

You kill the orc wizard!
You bump into the rock wall.
The orc priest hits you but does no damage.
Your scale mail prevents you from hitting the orc priest.
The orc priest is severely wounded.
You feel less confused.
The orc priest hits you but does no damage.
Unknown command.
You hit the orc priest.
The orc priest is severely wounded.
The orc priest calls down the wrath of Beogh upon you.
Pain shoots through your body!
* * * LOW HITPOINT WARNING * * *
Unknown command.
Okay, then.
You hit the orc priest.
The orc priest is almost dead.
The orc priest mumbles some strange prayers to Beogh against you.
Pain shoots through your body!
You die...

.........#### #.###.รท#..
##.#.##..#######.# #.#...
.................###.#..#
.............##.........#
..........##.###......###
..........##.........####
.###.#####......#.#......
##/#####.###.#......###
#..ooo@..# .#......##.
#..>.####....##......#..
..# ..#####......#.. ###
#......#.. #.).<..#.(
#......#.. ########.. ##<
##


You could see an orc priest and 2 orcs.

Vanquished Creatures
  Grinder (D:4)
  Purgy (Sewer)
  A centaur (D:2)
  3 orc wizards (D:4)
  Natasha (D:3)
  Terence (D:2)
  3 worker ants
  A hound skeleton (D:4)
  3 adders
  A river rat (D:3)
  An ooze (D:4)
  7 worms
  4 dart slugs
  3 leopard geckos
  5 orcs
  10 bats
  6 giant cockroaches
  10 hobgoblins
  2 jackals (D:3)
  10 kobolds
  3 ball pythons
  7 frilled lizards
  11 goblins
  8 rats
103 creatures vanquished.

Notes
Turn   | Place    | Note
-------+----------+-------------------------------------------
     0 | D:1      | marklar909 the Formicid Fighter began the quest for the
                  | Orb.
     0 | D:1      | Reached XP level 1. HP: 18/18 MP: 1/1
    42 | D:1      | Reached XP level 2. HP: 18/24 MP: 2/2
   293 | D:1      | Reached XP level 3. HP: 24/30 MP: 3/3
   961 | D:2      | Reached XP level 4. HP: 33/37 MP: 4/4
  1127 | D:2      | Noticed a centaur
  1139 | D:2      | Killed a centaur
  1139 | D:2      | Reached XP level 5. HP: 29/42 MP: 5/5
  1301 | D:2      | Reached skill level 1 in Dodging
  1397 | D:2      | Found a hazy altar of Hepliaklqana.
  1446 | D:2      | Noticed Terence
  1460 | D:2      | Killed Terence
  1594 | D:3      | Reached XP level 6. HP: 47/48 MP: 6/6
  1602 | D:3      | Found a glowing drain.
  1648 | Sewer    | Entered a sewer
  1724 | Sewer    | Noticed Purgy
  1734 | Sewer    | Killed Purgy
  1734 | Sewer    | Reached skill level 5 in Shields
  2411 | D:3      | Noticed Natasha
  2422 | D:3      | Killed Natasha
  2669 | D:3      | Reached XP level 7. HP: 48/54 MP: 7/7
  2766 | D:4      | Noticed Grinder
  2841 | D:4      | Killed Grinder
  2841 | D:4      | Reached skill level 5 in Long Blades
  3013 | D:4      | Reached skill level 1 in Throwing
  3205 | D:4      | Reached XP level 8. HP: 61/61 MP: 8/8
  3247 | D:4      | HP: 1/61 [orc priest/nerve-wracking pain (14)]
  3248 | D:4      | Killed from afar by an orc priest

Illustrated notes

Levels and vault maps discovered:
D:1:      psy_arrival_wood_between_worlds, layout_basic
D:2:      minmay_chambers_of_twos, layout_basic, old_standard_altar,
          uniq_terence
D:3:      layout_basic, cheibrodos_sewer_entry_sluice,
          small_statue_intersection, uniq_natasha
D:4:      layout_rooms, uniq_edmund, uniq_grinder

Skill      XL: |  1  2  3  4  5  6  7 |
---------------+----------------------+-----
Shields        | 4 5 |  5.7
Long Blades    | 3 4 5 |  5.3
Armour         | 4 |  4.7
Dodging        | 1 2 |  2.1
Fighting       | 4 |  4.6
Throwing       | 1 |  1.2
Stealth        | |  0.7

Action                   |  1- 3 |  4- 6 |  7- 9 || total
-------------------------+-------+-------+-------++-------
Melee: Long sword        |   110 |   177 |    92 ||   379
Throw: Dart              |       |     3 |    18 ||    21
 Abil: Dig               |       |     1 |       ||     1
Armor: Scale mail        |    44 |    86 |    31 ||   161
Dodge: Dodged            |    41 |    51 |    25 ||   117
Block: Kite shield       |    55 |   100 |    33 ||   188
       Rpst.: Long sword |    13 |    17 |     7 ||    37

Table legend: (Time is in decaauts)
 A = Elapsed time spent in this place.
 B = Non-inter-level travel time spent in this place.
 C = Inter-level travel time spent in this place.
 D = Time resting spent in this place.
 E = Time spent auto-exploring this place.
 F = Levels seen in this place.
 G = Mean time per level.
                   A        B        C        D        E       F      G
               +--------+--------+--------+--------+--------+-----+--------+
         Total |   3354 |   3246 |    108 |     29 |   2358 |   5 |  670.8 |
       Dungeon |   3083 |   2975 |    108 |     29 |   2140 |   4 |  770.8 |
         Sewer |    270 |    270 |      0 |      0 |    218 |   1 |  270.0 |
               +--------+--------+--------+--------+--------+-----+--------+

Top non-repeatable levels by time:
     D:2: 920 daAuts
     D:3: 906 daAuts
     D:1: 712 daAuts
     D:4: 544 daAuts
   Sewer: 270 daAuts
